 Dungeon Crawl Stone Soup version 0.31-a0-523-g071a6c1ffa (webtiles) character file.

Game seed: 11256320624628689701

358 Maratek the Chopper (level 6, -1/53 HPs)
             Began as a Draconian Fighter on Aug 11, 2023.
             Slain by an orc
             ... wielding a +0 flail
              (5 damage)
             ... on level 7 of the Dungeon.
             The game lasted 00:08:17 (3332 turns).

Maratek the Chopper (Draconian Fighter)             Turns: 3332, Time: 00:08:17

Health: -1/53      AC:  8    Str: 21    XL:     6   Next: 37%
Magic:  6/6        EV: 12    Int:  8    God:
Gold:   90         SH:  4    Dex: 10    Spells: 5/5 levels left

rFire   + . .        a - +0 war axe
rCold   . . .        b - +0 buckler
rNeg    . . .        (body armour unavailable)
rPois   .            (helmet restricted)
rElec   .            (no cloak)
rCorr   .            j - +0 pair of gloves
SInv    .            d - +0 pair of boots
Will    .....        (no amulet)
Stlth   +            q - ring of protection from fire
HPRegen 0.28/turn    (no ring)
MPRegen 0.10/turn

%: no passive effects
@: no status effects
A: AC +6, unfitting armour, cold-blooded
a: no special abilities


You were on level 7 of the Dungeon.
You visited 1 branch of the dungeon, and saw 5 of its levels.

You collected 139 gold pieces.
You spent 49 gold pieces at shops.

Inventory:

Hand Weapons
 a - a +0 war axe (weapon)
Armour
 b - a +0 buckler (worn)
 d - a +0 pair of boots (worn)
 j - a +0 pair of gloves (worn)
Jewellery
 q - a ring of protection from fire (left hand)
Scrolls
 f - a scroll of amnesia {unknown}
 g - 2 scrolls of teleportation {unknown}
 h - 7 scrolls of identify {unknown}
 i - a scroll of fog {unknown}
 k - a scroll of enchant armour {unknown}
 p - a scroll of brand weapon {unknown}
Potions
 c - 2 potions of might
 e - a potion of degeneration {unknown}
 l - a potion of enlightenment {unknown}
 m - a potion of attraction {unknown}
 n - a potion of ambrosia {unknown}
 o - 2 potions of lignification {unknown}


   Skills:
 + Level 4.5 Fighting
 + Level 4.7 Axes
 + Level 3.6 Dodging
 + Level 1.1 Stealth
 + Level 3.8 Shields


You had 5 spell levels left.
You didn't know any spells.
Your spell library contained the following spells:

 Spells                   Type           Power      Damage    Failure   Level
 Magic Dart               Conj           0%         1d3       47%         1
 Shock                    Conj/Air       0%         1d3       47%         1
 Call Imp                 Summ           0%         N/A       63%         2
 Ensorcelled Hibernation  Hex/Ice        0%         N/A       63%         2
 Passwall                 Tmut/Erth      0%         N/A       63%         2
 Static Discharge         Conj/Air       0%         2-2/arc   63%         2
 Mephitic Cloud           Conj/Pois/Air  0%         N/A       85%         3
 Swiftness                Air            0%         N/A       85%         3
 Airstrike                Air            0%         2d(0-16)  99%         4
 Summon Lightning Spire   Summ/Air       0%         N/A       99%         4


Dungeon Overview and Level Annotations

Branches:
Dungeon (4/15)
 Temple: D:4-7

Altars:
Ashenzari
Nemelex Xobeh
Xom
Yredelemnul
The Shining One

Shops:
D:1 [

Annotations:
D:3 3 runed translucent doors, DEFE's ghost, amateur DESh
D:7 Menkaure


Innate Abilities, Weirdness & Mutations

Your plain brown scales are hard. (AC +6)
You cannot fit into any form of body armour.
You are cold-blooded and may be slowed by cold attacks.


Message History

Menkaure mumbles in an indecipherable tongue.
An orc wizard comes into view. It is wielding a +0 dagger.
The orc shouts!
The orc wizard shouts!
An orc comes into view. It is wielding a +0 flail. x2
An orc comes into view. It is wielding a +0 dagger.
Found a wand of mindburst (19).
The orc shouts!
Menkaure casts a spell at you. Pain shoots through your body!
The orc shouts!
The orc wizard points at you and mumbles some strange words.
The magic dart hits you.
Menkaure calls on the powers of darkness!
The orc wizard convulses!
The orc convulses!
Your body is wracked with pain!
* * * LOW HITPOINT WARNING * * *
The orc convulses! x3
The orc wizard casts a spell.
The orc wizard flickers and vanishes!
Deactivating autopickup; reactivate with Ctrl-A.
The orc closely misses you. You block the orc's attack.
The orc hits you with a +0 flail.
* * * LOW HITPOINT WARNING * * *
The orc hits you but does no damage.
Menkaure calls on the powers of darkness!
Something is bathed in an unholy light!
The orc convulses! x4
Your body is wracked with pain!
* * * LOW HITPOINT WARNING * * *
The orc attacks as you move away! You block the orc's attack.
The orc attacks as you move away! The orc hits you but does no damage.
Menkaure is no longer moving quickly.
The orc hits you but does no damage.
Menkaure calls on the powers of darkness!
Something is bathed in an unholy light!
The orc convulses! x4
Your body is wracked with pain!
* * * LOW HITPOINT WARNING * * *
A water moccasin comes into view.
You hear the faint creaking of a very distant portcullis.
You block the orc's attack. The orc attacks as you move away!
The orc hits you with a +0 flail.
You die...

....## #.......#
.... #.........#
....#####.........#
................#
........./......
.......M.......
............####
........o{o....##
.......oo@.......
.#########.......
....... .......
....... S......
....... .......


You could see a water moccasin, Menkaure and 4 orcs.

Vanquished Creatures
  A hound (D:4)
  An orc priest (D:4)
  Jessica (D:3)
  A gnoll bouda (D:4)
  An iguana (D:3)
  A scorpion zombie (D:3)
  An orc wizard (D:4)
  A hound zombie (D:3)
  5 gnolls (D:4)
  2 adders
  An ufetubus (D:4)
  A worm (D:3)
  3 dart slugs
  9 orcs
  5 ball pythons
  6 bats
  7 endoplasms
  2 giant cockroaches
  8 goblins
  3 hobgoblins
  4 quokkas
  A ball python zombie (D:3)
  A frilled lizard (D:2)
  4 kobolds
  4 rats
74 creatures vanquished.

Notes
Turn   | Place    | Note
-------+----------+-------------------------------------------
     0 | D:1      | Maratek the Draconian Fighter began the quest for the Orb.
     0 | D:1      | Reached XP level 1. HP: 19/19 MP: 1/1
   186 | D:1      | Reached XP level 2. HP: 24/26 MP: 2/2
   275 | D:1      | Found a faded altar of an unknown god.
   441 | D:1      | Found Potiapi's Armour Shop.
   678 | D:1      | Bought a +0 pair of gloves for 49 gold pieces
   900 | D:2      | Reached XP level 3. HP: 33/33 MP: 3/3
  1219 | D:2      | Found a shimmering altar of Xom.
  1323 | D:3      | Found a broken altar of Ashenzari.
  1373 | D:3      | Reached XP level 4. HP: 40/40 MP: 4/4
  1374 | D:3      | Found a basalt altar of Yredelemnul.
  1548 | D:3      | Noticed Jessica
  1559 | D:3      | Killed Jessica
  1560 | D:3      | Reached XP level 5. HP: 13/46 MP: 5/5
  1991 | D:3      | Found a runed translucent gate.
  1991 | D:3      | Found a runed translucent gate.
  1991 | D:3      | Found a runed translucent gate.
  1994 | D:3      | Noticed DEFE's ghost (amateur DESh)
  2259 | D:3      | Found a sparkling altar of Nemelex Xobeh.
  2458 | D:3      | Found a glowing golden altar of the Shining One.
  3008 | D:4      | Reached skill level 1 in Stealth
  3008 | D:4      | Reached XP level 6. HP: 47/53 MP: 6/6
  3232 | D:4      | You fall into a shaft and drop 3 floors!
  3295 | D:7      | Noticed Menkaure
  3331 | D:7      | Noticed a water moccasin
  3332 | D:7      | Slain by an orc

Illustrated notes

Levels and vault maps discovered:
D:1:      matt_arrival_diagonals, layout_loops_ring,
          shapermc_ecumenical_altar_mp_ritualfount, serial_shops, shop,
          minmay_misc_feat_square
D:2:      layout_basic, basic_altar, kennysheep_donut, minmay_between
D:3:      layout_basic, nicolae_tso_swordbearing_angel, ashenzari_altar_1,
          nemelex_altar_shiori, nicolae_yredelemnul_corpse_copse,
          gammafunk_ghost_nasty_kobolds, uniq_jessica
D:4:      layout_loops_corners, minmay_temple_entry_hall, item_on_display_a
D:7:      layout_basic, kiku_gazebo_garden_becter,
          nicolae_overflow_guarded_unrand_okawaru_victory,
          lightli_bailey_entry_fortress, minmay_three_doors, uniq_menkaure

Skill      XL: |  1  2  3  4  5 |
---------------+----------------+-----
Dodging        | 3 |  3.6
Fighting       | 4 |  4.5
Axes           | 3 4 |  4.7
Stealth        | 1 |  1.1
Shields        | |  3.8

Action                     |  1- 3 |  4- 6 || total
---------------------------+-------+-------++-------
  Melee: War axe           |    77 |   134 ||   211
         Tailslap          |     8 |    14 ||    22
   Stab: Sleeping          |     1 |       ||     1
 Armour: Skin              |    35 |    46 ||    81
  Dodge: Dodged            |    51 |    84 ||   135
  Block: Buckler           |    18 |    37 ||    55

Table legend: (Time is in decaauts)
 A = Elapsed time spent in this place.
 B = Non-inter-level travel time spent in this place.
 C = Inter-level travel time spent in this place.
 D = Time resting spent in this place.
 E = Time spent auto-exploring this place.
 F = Levels seen in this place.
 G = Mean time per level.
                   A        B        C        D        E       F      G
               +--------+--------+--------+--------+--------+-----+--------+
         Total |   3408 |   3329 |     79 |    603 |   1863 |   5 |  681.6 |
       Dungeon |   3408 |   3329 |     79 |    603 |   1863 |   5 |  681.6 |
               +--------+--------+--------+--------+--------+-----+--------+

Top non-repeatable levels by time:
     D:3: 1550 daAuts
     D:1: 753 daAuts
     D:2: 596 daAuts
     D:4: 406 daAuts
     D:7: 101 daAuts
